 Dungeon Crawl Stone Soup version 0.28.0-43-g3370ac3207 (webtiles) character file.

Game seed: 12928588645688051654

89 tizbic2 the Grasshopper (level 4, -1/34 HPs)
             Began as a Demonspawn Warper on Mar 12, 2022.
             Killed from afar by an orc wizard (5 damage)
             ... with a puff of flame
             ... on level 2 of the Dungeon.
             The game lasted 00:07:58 (3790 turns).

tizbic2 the Grasshopper (Demonspawn Warper)         Turns: 3790, Time: 00:07:59

Health: -1/34      AC:  3    Str: 14    XL:     4   Next: 31%
Magic:  6/7        EV: 11    Int: 18    God:
Gold:   75         SH:  0    Dex: 12    Spells: 2/7 levels left

rFire   . . .      SeeInvis .   a - +0 hand axe
rCold   . . .      Faith    .   (no shield)
rNeg    . . .      Spirit   .   b - +0 leather armour
rPois   .          Reflect  .   (no helmet)
rElec   .          Harm     .   (no cloak)
rCorr   .          Rampage  .   (no gloves)
Will    .....                   (no boots)
Stlth   +.........              e - amulet of magic regeneration
HPRegen 0.11/turn               (no ring)
MPRegen 0.50/turn               (no ring)

@: mighty, on blink cooldown
A: hooves 1, big brain 2
a: no special abilities


You were on level 2 of the Dungeon.
You visited 1 branch of the dungeon, and saw 2 of its levels.

You collected 75 gold pieces.

Inventory:

Hand Weapons
 a - a +0 hand axe (weapon)
Missiles
 d - 4 boomerangs of dispersal
 h - 44 stones (quivered)
Armour
 b - a +0 leather armour (worn)
Jewellery
 e - an amulet of magic regeneration (around neck)
 l - an amulet of guardian spirit
Scrolls
 c - a scroll of blinking
 i - 2 scrolls of teleportation {unknown}
 j - a scroll of noise {unknown}
Potions
 g - a potion of might


   Skills:
 + Level 2.3 Fighting
 * Level 2.4 Axes
 * Level 1.7 Throwing
 + Level 1.4 Armour
 + Level 2.1 Dodging
 + Level 2.2 Spellcasting
 * Level 3.2 Translocations


You had 2 spell levels left.
You knew the following spells:

 Your Spells              Type           Power      Damage    Failure   Level
a - Blink                 Tloc           26%        N/A       9%          2
b - Gell's Gravitas       Tloc           13%        N/A       17%         3

Your spell library contained the following spells:

 Spells                   Type           Power      Damage    Failure   Level
 Lesser Beckoning         Tloc           13%        N/A       17%         3
 Teleport Other           Tloc           13%        N/A       17%         3
 Manifold Assault         Tloc           13%        N/A       85%         5


Dungeon Overview and Level Annotations

Branches:
Dungeon (2/15)

Altars:
Kikubaaqudgha


Innate Abilities, Weirdness & Mutations

You have large cloven feet.
You have an extremely huge brain. (Int +4)


Message History

The adder bites you but does no damage.
You closely miss something. You closely miss the adder. You miss the orc.
You feel sick. The orc barely misses you. The adder bites you.
You are more poisoned.
The adder poisons you! Something hits you.
You barely miss the adder. Your kick misses the adder.
The adder is severely wounded.
You completely miss something. You hit the orc.
You feel sick. The adder barely misses you.
The orc hits you with a +0 hand axe.
* * * LOW HITPOINT WARNING * * *
Something hits you.
* * * LOW HITPOINT WARNING * * *
The adder bites you.
* * * LOW HITPOINT WARNING * * *
It was a potion of curing.
You feel better. The orc completely misses you. Something hits you.
The adder closely misses you.
You slash the adder!
You kill the adder!
You slash the orc!
You kill the orc!
You closely miss something. Something hits you.
You barely miss something. Your kick misses something.
Something hits you but does no damage.
You closely miss something. Your kick misses something. You punch something.
Something hits you. Something hits you but does no damage.
You hit something. Something hits you but does no damage.
You closely miss something.
You hear some strange, mumbled words.
A magic dart appears from out of thin air!
The magic dart hits you!
* * * LOW HITPOINT WARNING * * *
You miss something. Something hits you.
* * * LOW HITPOINT WARNING * * *
Cast which spell? (? or * to list)
You blink.
There is an open door here.
You hear some strange, mumbled words.
A puff of flame appears from out of thin air!
The puff of flame hits you.
You die...

#......# #......#
#......# ###......#
.........### .........'.
.........# #....@.#
################'#######
..............){........
.............ยง).........
####....|#######.######.
#.....# #####.#
#.....###.....#
#.....#.......#
#.....#.......#


There were no monsters in sight!

Vanquished Creatures
  An orc wizard (D:2)
  An adder (D:2)
  2 worms (D:2)
  A dart slug (D:1)
  2 orcs (D:2)
  6 ball pythons
  4 endoplasms (D:1)
  7 hobgoblins (D:1)
  2 quokkas
  5 bats
  4 frilled lizards
  4 goblins (D:1)
  4 kobolds (D:1)
  3 rats
46 creatures vanquished.

Notes
Turn   | Place    | Note
-------+----------+-------------------------------------------
     0 | D:1      | tizbic2 the Demonspawn Warper began the quest for the Orb.
     0 | D:1      | Reached XP level 1. HP: 16/16 MP: 3/3
    53 | D:1      | Reached skill level 1 in Throwing
   437 | D:1      | Reached skill level 1 in Armour
   729 | D:1      | Gained mutation: You have large cloven feet. [demonic
                  | ancestry]
   729 | D:1      | Reached XP level 2. HP: 22/22 MP: 5/5
  1448 | D:1      | Learned a level 2 spell: Blink
  1489 | D:1      | Found a faded altar of an unknown god.
  1575 | D:1      | Gained mutation: You have an unusually large brain. (Int
                  | +2) [demonic ancestry]
  1575 | D:1      | Reached XP level 3. HP: 26/27 MP: 6/6
  1594 | D:1      | Reached skill level 3 in Translocations
  2531 | D:1      | Learned a level 3 spell: Gell's Gravitas
  2784 | D:2      | Found an ancient bone altar of Kikubaaqudgha.
  3776 | D:2      | Gained mutation: You have an extremely huge brain. (Int +4)
                  | [demonic ancestry]
  3776 | D:2      | Reached XP level 4. HP: 2/34 MP: 7/7
  3790 | D:2      | Killed from afar by an orc wizard

Illustrated notes

Levels and vault maps discovered:
D:1:      ncdulo_smallfort, layout_loops_corners,
          hellmonk_ecumenical_altar_arch_garden, supply_closet_lemuel,
          bh_walls_and_bars
D:2:      layout_basic, basic_altar, minmay_misc_feat_rows,
          minmay_close_crescents, uniq_natasha

Skill      XL: |  1  2  3 |
---------------+----------+-----
Throwing       | 1 |  1.7
Armour         | 1 |  1.4
Axes           | 2 |  2.4
Translocations | 3 |  3.2
Dodging        | 2 |  2.1
Fighting       | |  2.3
Spellcasting   | |  2.2

Action                   |  1- 3 |  4- 6 || total
-------------------------+-------+-------++-------
Melee: Hand axe          |   138 |     9 ||   147
       Punch             |     2 |     1 ||     3
       Kick              |    24 |       ||    24
Throw: Boomerang         |     1 |       ||     1
       Stone             |    40 |       ||    40
 Cast: Blink             |       |     1 ||     1
  Use: Potion            |     1 |     2 ||     3
 Stab: Sleeping          |     1 |       ||     1
Armor: Leather armour    |    41 |     5 ||    46
Dodge: Dodged            |    80 |     8 ||    88
